 Dungeon Crawl Stone Soup version 0.19-a0-450-g98b348d (webtiles) character file.

7 Duffy the Shield-Bearer (level 2, -1/24 HPs)
             Began as a Formicid Fighter on June 1, 2016.
             Slain by a giant gecko (4 damage)
             ... on level 1 of the Dungeon.
             The game lasted 00:00:13 (46 turns).

Duffy the Shield-Bearer (Formicid Fighter)            Turns: 46, Time: 00:00:14

Health: -1/24      AC:  6    Str: 20    XL:     2   Next: 10%
Magic:  2/2        EV:  7    Int:  7    God:
Gold:   0          SH:  9    Dex: 10    Spells: 0 memorised, 1 level left

rFire  . . .     SeeInvis +     a - +0 long sword
rCold  . . .     Gourm    .     b - +0 scale mail
rNeg   . . .     Faith    .     c - +0 shield
rPois  .         Spirit   .     (helmet unavailable)
rElec  .         Dismiss  .     (no cloak)
rCorr  .         Reflect  .     (no gloves)
SustAt .         Harm     .     (no boots)
MR     .....                    (no amulet)
Stlth  ..........               (no ring)
                                (no ring)

@: not resistant to hostile enchantments, extremely unstealthy
A: permanent stasis, dig shafts and tunnels, four strong arms, antennae 3
a: Dig, Shaft Self


You were on level 1 of the Dungeon.
You were not hungry.

You visited 1 branch of the dungeon, and saw 1 of its levels.


Innate Abilities, Weirdness & Mutations

You are under a permanent stasis effect.
You can dig through walls and to a lower floor.
Your four strong arms can wield two-handed weapons with a shield.
You have a pair of large antennae on your head. (SInv)


   Skills:
 - Level 3.2 Fighting
 + Level 2.4 Long Blades
 - Level 3.2 Armour
 + Level 3.9 Shields


You had one spell level left.
You didn't know any spells.

Inventory:

Hand Weapons
 a - a +0 long sword (weapon)
Armour
 b - a +0 scale mail (worn)
 c - a +0 shield (worn)
Potions
 d - a potion of might
Comestibles
 f - a bread ration

Dungeon Overview and Level Annotations

Branches:
Dungeon (1/15)

Altars:


Message History

You block the giant gecko's attack. The jackal closely misses you.
You closely miss the jackal.
The jackal bites you but does no damage.
The jackal barely misses you. The giant gecko bites you. The jackal bites you.
The jackal bites you but does no damage.
The giant gecko closely misses you.
You barely miss the jackal. The jackal completely misses you.
The jackal bites you but does no damage.
You block the giant gecko's attack. The jackal bites you.
You block the jackal's attack.
You slash the jackal!
You kill the jackal!
You have reached level 2!
The giant gecko barely misses you. The jackal barely misses you.
The giant gecko bites you. You block the jackal's attack.
Your shield and scale mail prevent you from hitting the jackal.
You block the jackal's attack.
The giant gecko bites you but does no damage.
The jackal bites you but does no damage.
The giant gecko hisses menacingly.
You block the giant gecko's attack.
You hit the jackal.
The jackal is severely wounded.
You block the jackal's attack. The giant gecko barely misses you.
The jackal bites you but does no damage.
The giant gecko completely misses you.
You barely miss the jackal.
The jackal is heavily wounded.
The jackal bites you but does no damage.
The giant gecko closely misses you. The jackal barely misses you.
You hit the jackal.
You kill the jackal!
The giant gecko completely misses you. The giant gecko barely misses you.
You completely miss the giant gecko. The giant gecko bites you. x2
You are too injured to fight recklessly!
You are too injured to fight recklessly!
You are too injured to fight recklessly!
You are too injured to fight recklessly!
You are too injured to fight recklessly!
You are too injured to fight recklessly!
You are too injured to fight recklessly!
You are too injured to fight recklessly!
You are too injured to fight recklessly!
You are too injured to fight recklessly!
You are too injured to fight recklessly!
You are too injured to fight recklessly!
You barely miss the giant gecko.
The giant gecko bites you but does no damage.
You barely miss the giant gecko. The giant gecko bites you.
You die...

#...#######)...............
#...# #...#####........
#...# #...# #...####. #...#
#... #...# #...#
##...#####...#### #...
..................
..................
########.##########
......%@..# ####...l..#
+......... #......#.##
#......#.# .......# #
..#.....# ...#.....#


You could see a giant gecko.

Action                   || total
-------------------------++-------
Melee: Long sword        ||    20
Armor: Scale mail        ||    13
Dodge: Dodged            ||    15
Block: Shield            ||    16

Notes
Turn   | Place    | Note
--------------------------------------------------------------
     0 | D:1      | Duffy the Formicid Fighter began the quest for the Orb.
     0 | D:1      | Reached XP level 1. HP: 18/18 MP: 1/1
    39 | D:1      | Reached XP level 2. HP: 11/24 MP: 2/2
    46 | D:1      | Slain by a giant gecko

Vault maps used:
D:1:      dpeg_arrival_boxorama, grunt_decor_arrowhead

Vanquished Creatures
  A bat
  4 jackals
  A rat
6 creatures vanquished.
